 Dungeon Crawl Stone Soup version 0.01-2161-g8ec87df2bd (webtiles) character file.

Game seed: 8310370518517788235, levelgen mode: deterministic

7360 Lanoc the Fighter (level 10, -3/100 HPs) Black Draconian Demonspawn. Began on June 28, 2020. Was a Follower of Ashenzari. Killed from afar by a gargoyle (20 damage) ... with a stone arrow ... on level 6 of the Dungeon. The game lasted 00:16:24 (4212 turns).

Lanoc the Fighter (Black Draconian Demonspawn)      Turns: 4212, Time: 00:16:25

Health: -3/100     AC: 11    Str: 17    XL:     10 ^: 457
Magic:  14/14      EV: 17    Int: 13    God:    Ashenzari [1* [45]]
Gold:   234        SH:  0    Dex: 13    Spells: 13/14 levels left

rFire    . . .     Vision   .   l - +3 short sword (curse) {(Curse: Fragile)}
rCold    . . .     Gourm    .   g - +2 dagger (elec) (curse) {(Curse: Fragile)}
rNeg     . . .     Faith    .   (armour unavailable)
rPois    .         Spirit   .   x - +0 hat (curse) {(Curse: Fragile)}
rElec    .         Reflect  .   (no cloak)
rCorr    .         Harm     .   (no gloves)
MR       .....                  y - +0 pair of boots (curse) {(Curse: Fragile)}
Stlth    +++++.....             (no amulet)
HPRegen  0.43/turn              (no ring)
MPRegen  0.24/turn              (no ring)

@: short of breath
A: no body armour, unfitting armour, claws 2, molten scales 1, spiny 2,
cold-blooded, boosted bows aptitude, necromancy enhancer 1, Stlth+++, AC +8
a: Breathe Negative Energy, Curse Item, Renounce Religion


You were on level 6 of the Dungeon.
You worshipped Ashenzari.
Ashenzari was aware of your devotion.
You were hungry.

You visited 2 branches of the dungeon, and saw 7 of its levels.

You collected 234 gold pieces.

Inventory:

Weapons
 g - a cursed +2 dagger of electrocution (weapon) {(Curse: Fragile)}
 l - a cursed +3 short sword (weapon) {(Curse: Fragile)}
 w - a +2 trident of venom Shields
 v - a +0 buckler
Armour
 x - a cursed +0 hat (worn) {(Curse: Fragile)}
 y - a cursed +0 pair of boots (worn) {(Curse: Fragile)}
Wands
 p - a wand of polymorph (8)
 r - a wand of acid (2)
Scrolls
 d - 6 scrolls of teleportation
 e - 2 scrolls of immolation
 j - 5 scrolls of enchantment
 o - 2 scrolls of blinking
 q - a scroll of fear
 u - 2 scrolls of fog
 A - a scroll of magic mapping
Potions
 a - 3 potions of heal wounds
 b - a potion of lignification
 f - 3 potions of haste
 h - a potion of cancellation
 i - a potion of brilliance
 k - a potion of ambrosia
 m - 2 potions of agility
 n - a potion of magic
 s - a potion of resistance
 t - a potion of berserk rage
Comestibles
 c - 16 rations


   Skills:
 + Level 12.8 Fighting
   Level 1.5 Long Blades
 + Level 9.5 Dodging
 - Level 1.3 Stealth
 - Level 2.6 Spellcasting
   Level 3.0 Invocations


You had 13 spell levels left.
You knew the following spells:

 Your Spells              Type           Power        Failure   Level  Hunger
a - Flame Tongue          Fire           1 (40)       24%         1    #......

Your spell library contained the following spells:

 Spells                   Type           Power        Failure   Level  Hunger
 Blink                    Tloc           N/A          34%         2    ###....
 Call Imp                 Summ           1 (100)      34%         2    ###....
 Slow                     Hex            1 (100)      34%         2    ###....
 Conjure Flame            Fire           1 (100)      56%         3    ###....
 Mephitic Cloud           Pois/Air       1 (100)      56%         3    ###....


Dungeon Overview and Level Annotations

Branches:
Dungeon (6/8)              Temple (1/1) D:4             Orc (0/2) D:6
   Lair: D:5

Altars:
Ashenzari
Dithmenos
Elyvilon
Fedhas Madash
Kikubaaqudgha
Nemelex Xobeh
Vehumet

Shops:
D:4 }

Annotations:
D:2 Jessica, Purgy


Innate Abilities, Weirdness & Mutations

You cannot fit into any form of body armour.
Your shadowy dark scales are hard. (AC +8)
You can breathe bolts of negative energy.
You have very sharp fingernails. (+4 Unarmed)
You are partially covered in molten scales. (AC +2)
You are mostly covered in sharp spines.
You are cold-blooded and may be slowed by cold attacks.
You are naturally skilled at Bows (Aptitude +3).
You are in touch with the powers of death.
Your shadowy dark scales make you much more stealthy. (Stealth++)


Message History

The gargoyle is struck by your spines.
The gargoyle hits you with a +0 flail (3).
You hit the gargoyle but do no damage.
The gargoyle is severely damaged. (8/25) HP You hit the gargoyle (4).
You tail-slap the gargoyle, but do no damage.
The gargoyle is almost destroyed. (4/25) HP The gargoyle hits you with a +0 flail (16)!
* * * LOW HITPOINT WARNING * * *
Breath at?
Press: ? - help, Shift-Dir - straight line, f - gargoyle
Aim: a gargoyle, wielding a +0 flail (almost destroyed (4/25))
You exhale a bolt of negative energy.
The bolt of negative energy hits the gargoyle but does no damage (0).
The gargoyle completely resists.
The gargoyle is almost destroyed. (4/25) HP You feel somewhat more hungry.
The gargoyle hurls a stone arrow at you.
The stone arrow hits you (20)!!
You die...

###### ###########
.....# #.)?......#
.....#######.........#
.....'.....'.........#
.....#######.........#
.....# #...).....#
.....# #.........#
.##### #.........# ..#
#...9@....# #.#
###.####### #.###
###..###### ....###
#.......:..
....'.#####.)........
....#....##.)........
.>..####..#..........
....# ##.'.........9
....# ###.....<....


You could see a gargoyle.

Vanquished Creatures
  A wizard (D:5)
  A deep elf mage (D:6)
  A troll (D:6)
  Prince Ribbit (D:3)
  2 slime creatures
  A hippogriff (D:6)
  A steam dragon (D:6)
  A vampire (D:6)
  2 yaks
  An acid dragon (D:6)
  A vampire mosquito (D:6)
  A warg (D:6)
  A soldier ant (D:6)
  3 porcupines
  2 sky beasts (D:4)
  5 orc warriors (D:6)
  3 ice beasts
  A black bear (D:4)
  Ijyb (D:3)
  7 ogres
  5 big kobolds
  8 bullfrogs
  A centaur (D:6)
  5 howler monkeys
  A wight (D:6)
  A crimson imp (D:5)
  2 hounds
  10 jellies
  An orc priest (D:3)
  2 orc wizards
  2 iguanas
  A wyvern zombie (D:6)
  9 worker ants
  A wyvern skeleton (D:4)
  3 bullfrog zombies
  4 gnolls (D:3)
  9 adders
  5 bullfrog skeletons
  A white imp (D:4)
  7 cinder newts
  A worm (D:2)
  9 oozes
  A hound skeleton (D:3)
  A dart slug (D:1)
  6 leopard geckos
  23 orcs
  2 adder skeletons
  2 giant cockroaches
  6 hobgoblins (D:1)
  2 quokkas
  2 ball pythons
  4 bats
  4 goblins (D:1)
  A hobgoblin skeleton (D:2)
  22 kobolds
  A leopard gecko skeleton (D:3)
  3 rats (D:1)
  A butterfly (D:5)
  A giant blowfly (D:2)
  5 withered plants (D:2)
212 creatures vanquished.

Vanquished Creatures (others)
  A jelly (D:2)
  An ooze (D:2)
  18 plants
  124 withered plants
144 creatures vanquished.

Grand Total: 356 creatures vanquished

Notes
Turn   | Place    | Note
-------+----------+-------------------------------------------
     0 | D:1      | Lanoc the Immature Draconian Demonspawn began the quest for
                  | the Orb.
     0 | D:1      | Reached XP level 1. HP: 18/18 MP: 4/4
    27 | D:1      | Gained mutation: You are partially covered in sharp spines.
                  | [demonic ancestry]
    27 | D:1      | Reached XP level 2. HP: 20/25 MP: 5/5
    30 | D:1      | Reached skill level 3 in Fighting
   245 | D:1      | Reached XP level 3. HP: 31/31 MP: 7/7
   265 | D:1      | Found a shattered altar of Ashenzari.
   300 | D:1      | Became a worshipper of Ashenzari the Ephemeral
   527 | D:2      | Reached skill level 4 in Fighting
   527 | D:2      | Gained mutation: You have sharp fingernails. (+2 Unarmed)
                  | [demonic ancestry]
   527 | D:2      | Reached XP level 4. HP: 39/40 MP: 6/8
   540 | D:2      | Noticed a big kobold
   547 | D:2      | Killed a big kobold
   547 | D:2      | Gained mutation: You are partially covered in molten
                  | scales. (AC +2) [demonic ancestry]
   547 | D:2      | Reached XP level 5. HP: 47/47 MP: 6/9
   570 | D:2      | Reached skill level 5 in Fighting
   620 | D:2      | Gained mutation: You are mostly covered in sharp spines.
                  | [demonic ancestry]
   620 | D:2      | Reached XP level 6. HP: 56/56 MP: 10/10
   796 | D:2      | Reached skill level 6 in Fighting
   856 | D:2      | Noticed a slime creature
   860 | D:2      | Your scales start taking on a shadowy dark colour.
   860 | D:2      | Reached XP level 7. HP: 63/63 MP: 11/11
   860 | D:2      | Gained mutation: You have very sharp fingernails. (+4
                  | Unarmed) [demonic ancestry]
   860 | D:2      | Gained mutation: Your shadowy dark scales make you much
                  | more stealthy. (Stealth++) [Black Draconian growth]
   860 | D:2      | Gained mutation: You are in touch with the powers of death.
                  | [Black Draconian growth]
   882 | D:2      | Killed a slime creature
   882 | D:2      | Reached skill level 5 in Dodging
   920 | D:2      | Noticed Jessica
   922 | D:2      | Noticed Purgy
  1258 | D:2      | Reached skill level 7 in Fighting
  1261 | D:2      | Found a sparkling altar of Nemelex Xobeh.
  1361 | D:3      | Reached XP level 8. HP: 73/73 MP: 12/12
  1410 | D:3      | Reached * piety under Ashenzari
  1532 | D:3      | Reached skill level 8 in Fighting
  1710 | D:3      | Noticed Ijyb
  1715 | D:3      | Killed Ijyb
  1986 | D:3      | Noticed Prince Ribbit
  1993 | D:3      | Killed Prince Ribbit
  1993 | D:3      | Reached skill level 9 in Fighting
  2184 | D:4      | Found a staircase to the Ecumenical Temple.
  2194 | Temple   | Entered the Ecumenical Temple
  2220 | D:4      | Reached XP level 9. HP: 84/84 MP: 13/13
  2357 | D:4      | Reached skill level 10 in Fighting
  2390 | D:4      | Found a blossoming altar of Fedhas.
  2390 | D:4      | Found an ancient bone altar of Kikubaaqudgha.
  2427 | D:4      | Found Doin's Gadget Shop.
  2774 | D:5      | Entered Level 5 of the Dungeon
  2807 | D:5      | Reached skill level 11 in Fighting
  2823 | D:5      | Noticed a wizard
  2843 | D:5      | Killed a wizard
  2843 | D:5      | Gained mutation: You are naturally skilled at Bows
                  | (Aptitude +3). [draconic bloodline]
  2843 | D:5      | Reached XP level 10. HP: 65/96 MP: 14/14
  3370 | D:6      | Reached skill level 12 in Fighting
  3378 | D:6      | Found a radiant altar of Vehumet.
  3490 | D:6      | Found a staircase to the Orcish Mines.
  3886 | D:6      | Noticed a deep elf mage
  4201 | D:6      | Killed a deep elf mage
  4212 | D:6      | Killed from afar by a gargoyle

Levels and vault maps discovered:
D:1:      lemuel_arrival_cross, layout_cave_pools, evilmike_ruin_ashenzari
D:2:      layout_sewer, bcadren_lemuel_inverted_doored_altar,
          nicolae_ru_great_annihilating_truth, lightli_temple_of_fire,
          uniq_edmund, uniq_jessica, uniq_purgy
D:3:      layout_basic, first_ration, uniq_ijyb, uniq_prince_ribbit1
D:4:      layout_roguey, grunt_temple_overflow_growth_and_decay,
          minmay_temple_entry_junction, serial_shops, kennysheep_mini
D:5:      layout_roguey, david_lair_shrubbed, hangedman_pestilent_swarm,
          lightli_wizard_tower
D:6:      layout_roguey, marbit_many_paths, david_orc_3
Temple:   compressed_dpeg_triangle_lava_temple

Skill      XL: |  1  2  3  4  5  6  7  8  9 10 |
---------------+-------------------------------+-----
Fighting       | 3 4 5 6 7 9 11 12 | 12.8
Dodging        | 3 4 5 6 8 9 |  9.5
Long Blades    | |  1.5
Stealth        | |  1.3
Spellcasting   | |  2.6
Invocations    | |  3.0

Action                   |  1- 3 |  4- 6 |  7- 9 | 10-12 || total
-------------------------+-------+-------+-------+-------++-------
Melee: Long sword        |    35 |    12 |       |       ||    47
       Unarmed           |    14 |       |       |       ||    14
       Dagger            |    13 |    24 |   156 |   112 ||   305
       Tailslap          |       |     7 |    24 |    29 ||    60
       Short sword       |       |    18 |   177 |   123 ||   318
Throw: Bone              |     2 |       |     1 |       ||     3
       Stone             |     2 |       |       |       ||     2
       Rusty metal       |     1 |       |       |       ||     1
 Cast: Flame Tongue      |     1 |     7 |     3 |       ||    11
Invok: Curse Item        |     2 |     1 |     2 |       ||     5
 Abil: Breathe Dart      |     2 |     2 |       |       ||     4
       Breathe Negative  |       |       |     9 |    10 ||    19
  Use: Potion            |       |       |       |     1 ||     1
 Stab: Sleeping          |     1 |       |    18 |    11 ||    30
       Distracted        |       |       |       |     1 ||     1
  Eat: Chunk             |       |     1 |     5 |     7 ||    13
       Ration            |       |       |     1 |       ||     1
Armor: Skin              |     5 |     7 |    32 |    47 ||    91
Dodge: Dodged            |    19 |    11 |   100 |    77 ||   207
       Rpst.: Unarmed    |     5 |       |       |       ||     5
       Dagger            |     3 |     2 |       |       ||     5
       Long sword        |     1 |     1 |       |       ||     2
